 Dungeon Crawl Stone Soup version 0.29-a0-284-gf9362112df (webtiles) character file.

Game seed: 16431861679341814903

1 holysushi the Ducker (level 1, -3/16 HPs)
             Began as a Merfolk Gladiator on Mar 27, 2022.
             Frozen to death by an endoplasm (5 damage)
             ... on level 1 of the Dungeon.
             The game lasted 00:00:10 (43 turns).

holysushi the Ducker (Merfolk Gladiator)              Turns: 43, Time: 00:00:10

Health: -3/16      AC:  4    Str: 14    XL:     1   Next: 20%
Magic:  1/1        EV: 10    Int:  7    God:
Gold:   6          SH:  0    Dex: 15    Spells: 0/0 levels left

rFire   . . .      SeeInvis .   a - +0 long sword
rCold   . . .      Faith    .   (no shield)
rNeg    . . .      Spirit   .   b - +0 leather armour
rPois   .          Reflect  .   c - +0 helmet
rElec   .          Harm     .   (no cloak)
rCorr   .          Rampage  .   (no gloves)
Will    .....                   (no boots)
Stlth   +.........              (no amulet)
HPRegen 0.05/turn               (no ring)
MPRegen 0.07/turn               (no ring)

@: constricted
A: (nimble swimmer 2), mertail
a: no special abilities


You were on level 1 of the Dungeon.
You visited 1 branch of the dungeon, and saw 1 of its levels.

You collected 6 gold pieces.

Inventory:

Hand Weapons
 a - a +0 long sword (weapon)
Missiles
 d - 3 throwing nets (quivered)
 e - a javelin
Armour
 b - a +0 leather armour (worn)
 c - a +0 helmet (worn)


   Skills:
 - Level 2.1 Fighting
 + Level 3.7 Long Blades
 - Level 2.0 Throwing
 - Level 4.0 Dodging


You couldn't memorise any spells.
You didn't know any spells.
Your spell library was empty.

Dungeon Overview and Level Annotations

Branches:
Dungeon (1/15)

Altars:


Innate Abilities, Weirdness & Mutations

((You are very nimble when in or above water. (Stealth+, EV+, Speed+++)))
Your lower body shifts to a powerful aquatic tail in water.


Message History

The hobgoblin hits you but does no damage.
The endoplasm hits you.
The ball python bites you but does no damage.
The ball python grabs you. The ball python constricts you.
The hobgoblin hits you but does no damage.
The endoplasm freezes you.
You are frozen.
You slash the hobgoblin!
You kill the hobgoblin!
The ball python closely misses you. The ball python constricts you.
The endoplasm barely misses you.
Unknown command.
You escape the ball python's grasp.
The ball python bites you. The ball python misses you.
Unknown command.
You closely miss the ball python. The ball python barely misses you.
The ball python misses you. The endoplasm completely misses you.
The ball python closely misses you. The ball python grabs you.
The ball python constricts you.
Unknown command.
You barely miss the ball python. The endoplasm freezes you.
You are frozen.
A hobgoblin comes into view.
The ball python bites you but does no damage.
The ball python constricts you.
Unknown command.
You closely miss the ball python.
The hobgoblin shouts!
You hear an angry hiss. x2
The ball python closely misses you. The ball python constricts you.
The endoplasm freezes you.
You are frozen.
* * * LOW HITPOINT WARNING * * *
Unknown command.
You completely miss the ball python.
The ball python bites you but does no damage.
The ball python constricts you. The endoplasm freezes you.
You are frozen.
You die...

#..... #...... .
#..... .. .....# .g.
#.#..# ....
#######.#..#+###.....
.......#...$........
#.........^@.......
+..........SJ......
#......#.......####
#......#.#+#####
#......#.# #......#.#
#......#.#
##...>..#.#
##'........# #


You could see an endoplasm, a hobgoblin and a ball python.

Vanquished Creatures
  A hobgoblin (D:1)
1 creature vanquished.

Notes
Turn   | Place    | Note
-------+----------+-------------------------------------------
     0 | D:1      | holysushi the Merfolk Gladiator began the quest for the
                  | Orb.
     0 | D:1      | Reached XP level 1. HP: 16/16 MP: 1/1
    43 | D:1      | Frozen to death by an endoplasm

Illustrated notes

Levels and vault maps discovered:
D:1:      lightli_arrival_maybe_door_vault, layout_basic,
          hellmonk_ecumenical_altar_leap_of_faith, dreamdust_wishing_well,
          dreamdust_princess_corridor

Action                   || total
-------------------------++-------
Melee: Long sword        ||    10
Armor: Leather armour    ||     6
Dodge: Dodged            ||    17

Table legend: (Time is in decaauts)
 A = Elapsed time spent in this place.
 B = Non-inter-level travel time spent in this place.
 C = Inter-level travel time spent in this place.
 D = Time resting spent in this place.
 E = Time spent auto-exploring this place.
 F = Levels seen in this place.
 G = Mean time per level.
                   A        B        C        D        E       F      G
               +--------+--------+--------+--------+--------+-----+--------+
         Total |     44 |     44 |      0 |      0 |     23 |   1 |   44.0 |
       Dungeon |     44 |     44 |      0 |      0 |     23 |   1 |   44.0 |
               +--------+--------+--------+--------+--------+-----+--------+

Top non-repeatable levels by time:
     D:1: 44 daAuts
